PAAA
BAKERSFIELD NOBLES @ PHOENIX HOTSPUR RESERVES
09/13/2029
 
TOP OF THE 1ST
Bakersfield Nobles batting - Pitching for Phoenix Hotspur Reserves : RHP John Ball
Pitching: RHP John Ball
Batting: RHB Francisco Agámez 0-0: Called Strike
0-1: Ground out 6-3 (Groundball, 6)
Batting: LHB Hideki Hisanobu 0-0: Ball
1-0: Foul Ball, location: 2F
1-1: Ball
2-1: Foul Ball, location: 2F
2-2: Foul Ball, location: 2F
2-2: Strikes out swinging
Batting: LHB Theo Fightmaster 0-0: SINGLE (Flyball, 9S)
Batting: RHB Wade Killefer 0-0: Ball
1-0: Ball
2-0: Ball
3-0: Called Strike
Pickoff Throw to First - Error! E1
Theo Fightmaster to second
3-1: Called Strike
3-2: Foul Ball, location: 2F
3-2: Foul Ball, location: 2F
3-2: Base on Balls
Batting: SHB Jason Alexander 0-0: Ball
1-0: Foul Ball, location: 2F
1-1: Called Strike
1-2: Ball
2-2: Foul Ball, location: 2F
2-2: Strikes out swinging
Top of the 1st over - 0 runs, 1 hit, 1 error, 2 left on base; Bakersfield 0 - Phoenix 0
BOTTOM OF THE 1ST
Phoenix Hotspur Reserves batting - Pitching for Bakersfield Nobles : RHP Marcos López
Pitching: RHP Marcos López
Batting: SHB Roberto López 0-0: Called Strike
0-1: Ball
1-1: Ball
2-1: Foul Ball, location: 2F
2-2: Ground out 6-3 (Groundball, 6)
Batting: RHB Satoshi Terada 0-0: Ball
1-0: Ball
2-0: Ground out 4-3 (Groundball, 4)
Batting: RHB Hieronymus Bosch 0-0: Called Strike
0-1: Foul Ball, location: 2F
0-2: Ball
1-2: Strikes out looking
Bottom of the 1st over - 0 runs, 0 hits, 0 errors, 0 left on base; Bakersfield 0 - Phoenix 0
TOP OF THE 2ND
Bakersfield Nobles batting - Pitching for Phoenix Hotspur Reserves : RHP John Ball
Batting: RHB António Ramírez 0-0: SINGLE (Line Drive, 89M)
Batting: RHB Mario Blanco 0-0: Ball
1-0: Called Strike
1-1: Called Strike
1-2: Fly out, F9 (Flyball, 9)
Batting: RHB Omer Yurtseven 0-0: Ball
1-0: Called Strike
António Ramírez steals 2nd base
1-1: SINGLE (Line Drive, 6)
António Ramírez to third
Runner from 3rd tries for Home, SAFE, no throw
Batting: RHB Yosuke Hayashi 0-0: Called Strike
0-1: Ball
1-1: Ball
2-1: Ball
3-1: Called Strike
3-2: Strikes out looking
Batting: RHB Francisco Agámez 0-0: SINGLE (Line Drive, 8RS)
Omer Yurtseven to second
Batting: LHB Hideki Hisanobu 0-0: Ball
1-0: Ball
2-0: Ball
3-0: Called Strike
3-1: Fly out, F9 (Flyball, 9S)
Top of the 2nd over - 1 run, 3 hits, 0 errors, 2 left on base; Bakersfield 1 - Phoenix 0
BOTTOM OF THE 2ND
Phoenix Hotspur Reserves batting - Pitching for Bakersfield Nobles : RHP Marcos López
Batting: RHB Julián De Paz 0-0: SINGLE (Line Drive, 56D)
Batting: RHB Júlio Mateo 0-0: Called Strike
0-1: Fly out, F7 (Flyball, 78D)
Batting: RHB Jesús Mejía 0-0: Grounds into double play, 5-4-3 (Groundball, 56)
Bottom of the 2nd over - 0 runs, 1 hit, 0 errors, 0 left on base; Bakersfield 1 - Phoenix 0
TOP OF THE 3RD
Bakersfield Nobles batting - Pitching for Phoenix Hotspur Reserves : RHP John Ball
Batting: LHB Theo Fightmaster 0-0: Ball
1-0: Ball
2-0: Ball
3-0: Called Strike
3-1: Ground out 6-3 (Groundball, 6)
Batting: RHB Wade Killefer 0-0: Swinging Strike
0-1: Ball
1-1: Ball
2-1: Swinging Strike
2-2: Strikes out looking
Batting: SHB Jason Alexander 0-0: Ball
1-0: Foul Ball, location: 2F
1-1: Ball
2-1: Foul Ball, location: 2F
2-2: Foul Ball, location: 2F
2-2: Fly out, F9 (Flyball, 89S)
Top of the 3rd over - 0 runs, 0 hits, 0 errors, 0 left on base; Bakersfield 1 - Phoenix 0
BOTTOM OF THE 3RD
Phoenix Hotspur Reserves batting - Pitching for Bakersfield Nobles : RHP Marcos López
Batting: RHB Bob Curry 0-0: Ground out 4-3 (Groundball, 4)
Batting: LHB Derek Blair 0-0: Called Strike
0-1: Ground out 6-3 (Groundball, 6)
Batting: RHB Hiwahikeiki Noelani 0-0: Swinging Strike
0-1: Ball
1-1: Ground out U3 (Groundball, 3L)
Bottom of the 3rd over - 0 runs, 0 hits, 0 errors, 0 left on base; Bakersfield 1 - Phoenix 0
TOP OF THE 4TH
Bakersfield Nobles batting - Pitching for Phoenix Hotspur Reserves : RHP John Ball
Batting: RHB António Ramírez 0-0: Ball
1-0: Ball
2-0: Ball
3-0: Swinging Strike
3-1: Foul Ball, location: 2F
3-2: SINGLE (Groundball, 56D)
Batting: RHB Mario Blanco 0-0: Called Strike
0-1: Ball
1-1: Called Strike
1-2: Ball
2-2: Reached on error, E9 (Flyball, 9D)
António Ramírez to third
Batting: RHB Omer Yurtseven 0-0: Ball
1-0: Ball
2-0: Ball
3-0: Called Strike
3-1: Called Strike
3-2: Base on Balls
Batting: RHB Yosuke Hayashi 0-0: Ball
1-0: Ball
2-0: SINGLE (Line Drive, 5)
António Ramírez scores
Mario Blanco to third
Omer Yurtseven to second
Batting: RHB Francisco Agámez 0-0: Swinging Strike
0-1: Foul Ball, location: 2F
0-2: Foul Ball, location: 2F
0-2: Ball
1-2: Ball
2-2: Grounds into double play, 4-6-3 (Groundball, 4)
Mario Blanco scores
Omer Yurtseven to third
Batting: LHB Hideki Hisanobu 0-0: Fly out, F4 (Line Drive, 4M)
Top of the 4th over - 2 runs, 2 hits, 1 error, 1 left on base; Bakersfield 3 - Phoenix 0
BOTTOM OF THE 4TH
Phoenix Hotspur Reserves batting - Pitching for Bakersfield Nobles : RHP Marcos López
Batting: SHB Roberto López 0-0: Called Strike
0-1: Ball
1-1: Fly out, F2 (Popup, 25F)
Batting: RHB Satoshi Terada 0-0: Ball
1-0: Foul Ball, location: 2F
1-1: Foul Ball, location: 2F
1-2: SINGLE (Flyball, 78S)
Batting: RHB Hieronymus Bosch 0-0: Ball
1-0: Fly out, F8 (Flyball, 78D)
Batting: RHB Julián De Paz 0-0: Ball
1-0: Ball
2-0: Ball
3-0: Base on Balls
Satoshi Terada to second
Batting: RHB Júlio Mateo 0-0: Ball
1-0: Called Strike
1-1: Ball
2-1: Foul Ball, location: 2F
2-2: Strikes out looking
Bottom of the 4th over - 0 runs, 1 hit, 0 errors, 2 left on base; Bakersfield 3 - Phoenix 0
TOP OF THE 5TH
Bakersfield Nobles batting - Pitching for Phoenix Hotspur Reserves : RHP John Ball
Batting: LHB Theo Fightmaster 0-0: Ball
1-0: Ball
2-0: Foul Ball, location: 2F
2-1: Swinging Strike
2-2: Ground out 1-3 (Groundball, 13)
Batting: RHB Wade Killefer 0-0: Called Strike
0-1: Foul Ball, location: 2F
0-2: Fly out, F7 (Flyball, 7)
Batting: SHB Jason Alexander 0-0: Ball
1-0: Ball
2-0: Swinging Strike
2-1: Called Strike
2-2: Foul Ball, location: 2F
2-2: Ball
3-2: Foul Ball, location: 2F
3-2: SINGLE (Line Drive, 34)
Batting: RHB António Ramírez 0-0: Foul Ball, location: 2F
0-1: Foul Ball, location: 2F
0-2: Strikes out looking
Top of the 5th over - 0 runs, 1 hit, 0 errors, 1 left on base; Bakersfield 3 - Phoenix 0
BOTTOM OF THE 5TH
Phoenix Hotspur Reserves batting - Pitching for Bakersfield Nobles : RHP Marcos López
Batting: RHB Jesús Mejía 0-0: Ball
1-0: Called Strike
1-1: Swinging Strike
1-2: SINGLE (Line Drive, 56)
Batting: RHB Bob Curry 0-0: Sac Bunt - play at second, runner OUT! 5-6
Batting: LHB Derek Blair 0-0: Ball
1-0: Called Strike
1-1: Ball
2-1: SINGLE (Line Drive, 3D)
Bob Curry to second
Runner from 2nd tries for 3rd, SAFE, no throw
Batting: RHB Hiwahikeiki Noelani 0-0: Ball
1-0: Ball
2-0: Called Strike
2-1: Fly out, F3 (Popup, 23F)
Batting: SHB Roberto López 0-0: Ball
1-0: Swinging Strike
1-1: Ball
2-1: Called Strike
2-2: Ball
3-2: SINGLE (Groundball, 6M) (infield hit)
Bob Curry scores
Derek Blair to second
Batting: RHB Satoshi Terada 0-0: Called Strike
0-1: Fly out, F3 (Popup, 34)
Bottom of the 5th over - 1 run, 3 hits, 0 errors, 2 left on base; Bakersfield 3 - Phoenix 1
TOP OF THE 6TH
Bakersfield Nobles batting - Pitching for Phoenix Hotspur Reserves : RHP John Ball
Batting: RHB Mario Blanco 0-0: Ground out U3 (Groundball, 3S)
Batting: RHB Omer Yurtseven 0-0: Fly out, F8 (Line Drive, 8LD)
Batting: RHB Yosuke Hayashi 0-0: Ball
1-0: Ball
2-0: Ball
3-0: Base on Balls
Pitching: LHP Raúl Gonzáles
Batting: RHB Francisco Agámez 0-0: Ball
1-0: Ground out 4-3 (Groundball, 34)
Top of the 6th over - 0 runs, 0 hits, 0 errors, 1 left on base; Bakersfield 3 - Phoenix 1
BOTTOM OF THE 6TH
Phoenix Hotspur Reserves batting - Pitching for Bakersfield Nobles : RHP Marcos López
Batting: RHB Hieronymus Bosch 0-0: Foul Ball, location: 2F
0-1: Foul Ball, location: 2F
0-2: Ball
1-2: Ground out 5-3 (Groundball, 5)
Batting: RHB Julián De Paz 0-0: Foul Ball, location: 2F
0-1: Ground out 6-3 (Groundball, 6)
Batting: RHB Júlio Mateo 0-0: Fly out, F9 (Line Drive, 89M)
Bottom of the 6th over - 0 runs, 0 hits, 0 errors, 0 left on base; Bakersfield 3 - Phoenix 1
TOP OF THE 7TH
Bakersfield Nobles batting - Pitching for Phoenix Hotspur Reserves : LHP Raúl Gonzáles
Batting: LHB Hideki Hisanobu 0-0: Foul Ball, location: 2F
0-1: Ground out U3 (Groundball, 34)
Batting: LHB Theo Fightmaster 0-0: Ball
1-0: SINGLE (Groundball, 3D)
Batting: RHB Wade Killefer 0-0: Swinging Strike
0-1: Foul Ball, location: 2F
0-2: Strikes out swinging
Batting: SHB Jason Alexander 0-0: Called Strike
0-1: Called Strike
0-2: Ball
1-2: Foul Ball, location: 2F
1-2: Foul Ball, location: 2F
1-2: Ball
2-2: Foul Ball, location: 2F
2-2: Ball
3-2: Base on Balls
Theo Fightmaster to second
Batting: RHB António Ramírez 0-0: Called Strike
0-1: Ball
1-1: Fielders Choice at 2nd, 6-4 (Groundball, 56)
Top of the 7th over - 0 runs, 1 hit, 0 errors, 2 left on base; Bakersfield 3 - Phoenix 1
BOTTOM OF THE 7TH
Phoenix Hotspur Reserves batting - Pitching for Bakersfield Nobles : RHP Marcos López
Batting: RHB Jesús Mejía 0-0: Called Strike
0-1: Foul Ball, location: 2F
0-2: Ball
1-2: Ball
2-2: Ball
3-2: Base on Balls
Batting: RHB Bob Curry 0-0: Ball
1-0: Foul Ball, location: 2F
1-1: Sac Bunt - play at first, batter OUT! 2-3
Jesús Mejía to second
Batting: LHB Derek Blair 0-0: Ball
1-0: Foul Ball, location: 2F
1-1: Swinging Strike
1-2: SINGLE (Groundball, 56S) (infield hit)
Jesús Mejía to third
Batting: RHB Hiwahikeiki Noelani 0-0: Ball
1-0: Ball
2-0: Called Strike
2-1: Ball
3-1: Base on Balls
Derek Blair to second
Batting: SHB Roberto López 0-0: Called Strike
0-1: Called Strike
0-2: Ball
1-2: Fly out, F6 (Popup, 6MS)
Batting: RHB Satoshi Terada 0-0: Ball
1-0: Called Strike
1-1: Foul Ball, location: 2F
1-2: Ball
2-2: Ball
3-2: Strikes out looking
Bottom of the 7th over - 0 runs, 1 hit, 0 errors, 3 left on base; Bakersfield 3 - Phoenix 1
TOP OF THE 8TH
Bakersfield Nobles batting - Pitching for Phoenix Hotspur Reserves : LHP Raúl Gonzáles
Batting: RHB Mario Blanco 0-0: Called Strike
0-1: Foul Ball, location: 2F
0-2: Strikes out swinging
Batting: RHB Omer Yurtseven 0-0: Called Strike
0-1: SINGLE (Line Drive, 6MD)
Batting: RHB Yosuke Hayashi 0-0: Swinging Strike
0-1: SINGLE (Groundball, 34D)
Omer Yurtseven to second
Pinch Hitting: RHB Gabriel Maldonado 0-0: Ball
1-0: Foul Ball, location: 2F
1-1: Foul Ball, location: 2F
1-2: SINGLE (Line Drive, 9S)
Omer Yurtseven to third
Yosuke Hayashi to second
Pinch Hitting: LHB Jorge Alejándrez 0-0: Ball
1-0: Ball
2-0: SINGLE (Line Drive, 9S)
Omer Yurtseven scores
Yosuke Hayashi to third
Gabriel Maldonado to second
Runner from 3rd tries for Home, SAFE, no throw
Pitching: LHP Bryan Jones
Batting: LHB Theo Fightmaster 0-0: Ball
1-0: Grounds into double play, 6-4-3 (Groundball, 6M)
Top of the 8th over - 2 runs, 4 hits, 0 errors, 1 left on base; Bakersfield 5 - Phoenix 1
BOTTOM OF THE 8TH
Phoenix Hotspur Reserves batting - Pitching for Bakersfield Nobles : RHP Marcos López
Pitching: LHP Bastiăo Shwerin
Now at 2B: Jorge Alejándrez
Batting: RHB Hieronymus Bosch 0-0: Ball
Now at SS: Tony Justice 1-0: Fly out, F8 (Flyball, 78M)
Now in CF: Keith Best
Batting: RHB Julián De Paz 0-0: Swinging Strike
0-1: SOLO HOME RUN (Flyball, 7D), Distance : 375 ft
Batting: RHB Júlio Mateo 0-0: Foul Ball, location: 2F
0-1: Ball
1-1: Ball
2-1: Fly out, F8 (Flyball, 89M)
Pitching: RHP Armando Garay
Now in LF: Ramón Félix
Batting: RHB Jesús Mejía 0-0: SINGLE (Flyball, 89M)
Batting: RHB Bob Curry 0-0: Swinging Strike
0-1: Ball
1-1: Swinging Strike
1-2: Strikes out swinging
Bottom of the 8th over - 1 run, 2 hits, 0 errors, 1 left on base; Bakersfield 5 - Phoenix 2
TOP OF THE 9TH
Bakersfield Nobles batting - Pitching for Phoenix Hotspur Reserves : LHP Bryan Jones
Pitching: RHP Richard Osborn
Batting: LHB Ramón Félix 0-0: Ball
1-0: Ball
2-0: Swinging Strike
2-1: Ball
3-1: Ground out 4-3 (Groundball, 4MD)
Batting: SHB Jason Alexander 0-0: Ball
1-0: Swinging Strike
1-1: Ball
2-1: Foul Ball, location: 2F
2-2: Ball
3-2: Base on Balls
Batting: RHB António Ramírez 0-0: Called Strike
0-1: Ball
1-1: Ball
2-1: TRIPLE (Line Drive, 8LXD)
Jason Alexander scores
Batting: RHB Mario Blanco 0-0: Called Strike
0-1: Ball
1-1: Foul Ball, location: 2F
1-2: Ball
2-2: Ground out 5-3 (Groundball, 5S)
Batting: RHB Omer Yurtseven 0-0: Ball
1-0: Fly out, F7 (Flyball, 7LM)
Top of the 9th over - 1 run, 1 hit, 0 errors, 1 left on base; Bakersfield 6 - Phoenix 2
BOTTOM OF THE 9TH
Phoenix Hotspur Reserves batting - Pitching for Bakersfield Nobles : RHP Armando Garay
Batting: LHB Derek Blair 0-0: Called Strike
0-1: Fly out, F8 (Flyball, 8LXD)
Batting: RHB Hiwahikeiki Noelani 0-0: Foul Ball, location: 2F
0-1: Foul Ball, location: 2F
0-2: Strikes out looking
Batting: SHB Roberto López 0-0: SINGLE (Groundball, 3) (infield hit)
Batting: RHB Satoshi Terada 0-0: Ball
1-0: Ball
2-0: Swinging Strike
2-1: Foul Ball, location: 2F
2-2: Strikes out swinging
Bottom of the 9th over - 0 runs, 1 hit, 0 errors, 1 left on base; Bakersfield 6 - Phoenix 2
Tuesday, December 19th, 2017 - OOTP Baseball 18.8 Build 76